 Dungeon Crawl Stone Soup version 0.32-a0-913-g739538afd8 (webtiles) character file.

Game seed: 16813809172002190520

28 Revguard the Sneak (level 2, 0/17 HPs)
             Began as a Vampire Brigand on Apr 9, 2024.
             Slain by a ribbon worm (1 damage)
             ... on level 2 of the Dungeon.
             The game lasted 00:01:56 (647 turns).

Revguard the Sneak (Vampire Brigand)                 Turns: 647, Time: 00:01:56

Health: 0/17       AC:  3    Str: 10    XL:     2   Next: 96%
Magic:  3/3        EV: 11    Int: 13    God:
Gold:   68         SH:  0    Dex: 15    Spells: 2/2 levels left

rFire   . . .        a - +2 dagger
rCold   + + .        (no shield)
rNeg    + + +        b - +0 robe
rPois   ∞            (no helmet)
rElec   .            c - +0 cloak
rCorr   .            (no gloves)
SInv    +            (no boots)
Will    .....        (no amulet)
Stlth   +++++        (no ring)
HPRegen 0.00/turn    (no ring)
MPRegen 0.08/turn

%: no passive effects
@: bloodless, inhibited regen
A: bloodless, fangs 3, see invisible, vampiric 1
a: Revivify


You were on level 2 of the Dungeon.
You visited 1 branch of the dungeon, and saw 2 of its levels.

You collected 68 gold pieces.

Inventory:

Hand Weapons
 a - a +2 dagger (weapon)
Missiles
 d - 9 poisoned darts (quivered)
 e - 3 curare-tipped darts
Armour
 b - a +0 robe (worn)
 c - a +0 cloak (worn)
Scrolls
 i - a scroll of noise {unknown}
 j - a scroll of vulnerability {unknown}
Potions
 f - 2 potions of mutation {unknown}
 g - a potion of brilliance {unknown}
 h - a potion of ambrosia {unknown}


   Skills:
 + Level 2.0 Fighting
 + Level 2.4 Short Blades
 - Level 1.5 Throwing
 + Level 0.3 Armour
 + Level 1.3 Dodging
 + Level 6.0 Stealth
 + Level 0.3 Shields
 + Level 0.6 Spellcasting
 + Level 1.1 Hexes
 + Level 0.4 Evocations


You had 2 spell levels left.
You didn't know any spells.
Your spell library was empty.

Dungeon Overview and Level Annotations

Branches:
Dungeon (2/15)

Altars:


Innate Abilities, Weirdness & Mutations

You do not regenerate when monsters are visible.
You are frail without blood (-20% HP).
You can heal yourself when you bite living creatures.
You are immune to poison.
You have razor-sharp teeth.
You have supernaturally acute eyesight. (SInv)
You are afflicted with vampirism.


Message History

You hit the ribbon worm but do no damage.
The ribbon worm is moderately wounded.
The ribbon worm bites you.
The kobold hits the bush but does no damage.
The endoplasm hits the bush but does no damage.
Unknown command.
You hit the ribbon worm.
The ribbon worm is heavily wounded.
A quokka comes into view.
The ribbon worm bites you.
* * * LOW HITPOINT WARNING * * *
You completely miss the bush.
The kobold hits the bush but does no damage.
The endoplasm hits the bush but does no damage.
The kobold hits the bush but does no damage.
The endoplasm hits the bush but does no damage.
The endoplasm hits the bush but does no damage.
The ribbon worm expels a string of sticky webbing.
The stream of webbing hits you but does no damage.
You are caught in a web!
There is a web here.
The web tears apart.
The kobold throws a stone.
The stone hits you.
The endoplasm hits the bush but does no damage.
You begin bloodletting.
You continue bloodletting.
The ribbon worm bites you.
* * * LOW HITPOINT WARNING * * *
You continue bloodletting.
The ribbon worm expels a string of sticky webbing.
The stream of webbing hits you but does no damage.
You are caught in a web!
You continue bloodletting.
The ribbon worm expels a string of sticky webbing.
The stream of webbing hits you but does no damage.
You are even more entangled.
You continue bloodletting. x2
The ribbon worm bites you.
* * * LOW HITPOINT WARNING * * *
You become bloodless.
The web tears apart.
The ribbon worm bites you.
You die... ...P) P P.P. .. r..
P.PPP.PPPPP ...P.....P###### .PPPPP.PPPPP.K...# .PJ........J.###K# .P.PPP.P.PPP.###w# ...P.P...P.#.@.# PPPPPPP.PPP.#.###

####.#####.
.#
#.#######
#?#
#.......#
#.#
###.###.#
#.# #...#
#.# #.###
####.# #.#


You could see a ribbon worm (catching breath) and a kobold.

Vanquished Creatures
  4 ball pythons (D:1)
  4 bats
  2 endoplasms (D:1)
  A giant cockroach (D:1)
  3 goblins (D:1)
  4 hobgoblins (D:1)
  A quokka (D:1)
  A frilled lizard (D:1)
  2 kobolds
  3 rats (D:1)
25 creatures vanquished.

Notes
Turn   | Place    | Note
-------+----------+-------------------------------------------
     0 | D:1      | Revguard the Vampire Brigand began the quest for the Orb.
     0 | D:1      | Reached XP level 1. HP: 16/16 MP: 1/1
   118 | D:1      | Reached XP level 2. HP: 21/22 MP: 2/2
   245 | D:1      | Reached skill level 1 in Hexes
   363 | D:1      | Reached skill level 6 in Stealth
   646 | D:2      | HP: 1/22 [ribbon worm (5)]
   647 | D:2      | Slain by a ribbon worm

Illustrated notes

Levels and vault maps discovered:
D:1:      ncdulo_lavacross, layout_basic, minmay_small_reverse_x
D:2:      layout_basic, minmay_hedge_maze, serial_park_tiny_pond

Skill      XL: |  1  2 |
---------------+-------+-----
Hexes          | 1 |  1.1
Stealth        | 6 |  6.0
Fighting       | 2 |  2.0
Short Blades   | |  2.4
Throwing       | |  1.5
Armour         | |  0.3
Dodging        | |  1.3
Shields        | |  0.3
Spellcasting   | |  0.6
Evocations     | |  0.4

Action                     || total
---------------------------++-------
  Melee: Dagger            ||    64
         Bite              ||     5
Ability: Exsanguinate      ||     1
   Stab: Sleeping          ||     8
 Armour: Robe              ||    32
  Dodge: Dodged            ||    38

Table legend: (Time is in decaauts)
 A = Elapsed time spent in this place.
 B = Non-inter-level travel time spent in this place.
 C = Inter-level travel time spent in this place.
 D = Time resting spent in this place.
 E = Time spent auto-exploring this place.
 F = Levels seen in this place.
 G = Mean time per level.
                   A        B        C        D        E       F      G
               +--------+--------+--------+--------+--------+-----+--------+
         Total |    639 |    619 |     20 |      0 |    414 |   2 |  319.5 |
       Dungeon |    639 |    619 |     20 |      0 |    414 |   2 |  319.5 |
               +--------+--------+--------+--------+--------+-----+--------+

Top non-repeatable levels by time:
     D:1: 558 daAuts
     D:2: 81 daAuts
